 Dungeon Crawl Stone Soup version 0.29.1-12-g30fa7ad0bf (webtiles) character file.

Game seed: 9759613337174161869

39904 CungeonDrawl the Slayer (level 14, -18/128 HPs)
             Began as a Djinni Air Elementalist on Dec 11, 2022.
             Was a Priest of Makhleb.
             Demolished by Rupert
             ... wielding a +1 great sword of pain
              (38 damage)
             ... on level 4 of the Lair of Beasts on Dec 12, 2022.
             The game lasted 01:57:32 (24180 turns).

CungeonDrawl the Slayer (Djinni Air Elementalist)  Turns: 24180, Time: 01:57:32

Health: -18/128    AC:  9    Str:  7    XL:     14   Next: 42%
Gold:   900        EV: 11    Int: 28    God:    Makhleb [***...] SH:  0 Dex: 16

rFire   + + .      SeeInvis .   (no weapon)
rCold   . . .      Faith    .   (no shield)
rNeg    . . .      Spirit   .   m - +2 troll leather armour
rPois   ∞          Reflect  .   t - +0 helmet
rElec   .          Harm     .   e - +0 cloak
rCorr   .          Rampage  .   h - +0 pair of gloves of the Filigreed God {Int+2}
Will    +....                   (boots unavailable)
Stlth   ++........              (no amulet)
HPRegen 1.11/turn               y - +6 ring of intelligence
MPRegen 0.00/turn               I - ring of protection from cold

@: flying, invisible
A: sickness immunity, fire resistance 2, cold vulnerability 1, float, innate
caster, HP casting, extra vitality 1
a: Renounce Religion, Minor Destruction, Lesser Servant of Makhleb


You were on level 4 of the Lair of Beasts.
You worshipped Makhleb.
Makhleb was most pleased with you.
You visited 3 branches of the dungeon, and saw 19 of its levels.
You visited 1 bazaar.
You also visited: Ossuary.

You collected 2084 gold pieces.
You spent 1184 gold pieces at shops.

Inventory:

Missiles
 a - 4 atropa-tipped darts
Armour
 e - a +0 cloak (worn)
 h - the +0 pair of gloves of the Filigreed God (worn) {Int+2}
   (You found it on level 11 of the Dungeon)

   Int:       It affects your intelligence (+2).
 m - a +2 troll leather armour (worn)
 t - a +0 helmet (worn)
 J - a +1 robe of resistance
Jewellery
 x - a +6 ring of intelligence
 y - a +6 ring of intelligence (left hand)
 I - a ring of protection from cold (right hand)
 M - a ring of see invisible
Wands
 k - a wand of polymorph (2)
 n - a wand of paralysis (15)
 p - a wand of quicksilver (6)
 s - a wand of roots (18)
 u - a wand of flame (41)
 G - a wand of mindburst (26)
Scrolls
 b - 2 scrolls of immolation
 f - 6 scrolls of fog
 i - 5 scrolls of teleportation
 j - 5 scrolls of vulnerability
 q - a scroll of silence
 r - a scroll of enchant armour
 A - a scroll of poison
 C - a scroll of noise
 E - a scroll of summoning
 F - a scroll of magic mapping
 H - 7 scrolls of fear
 L - a scroll of blinking
Potions
 c - 2 potions of resistance
 d - 2 potions of heal wounds
 g - 6 potions of curing
 l - 5 potions of cancellation
 o - 9 potions of attraction
 v - 6 potions of haste
 w - 6 potions of lignification
 z - 3 potions of mutation
 B - 2 potions of ambrosia
 D - 4 potions of brilliance
 K - 2 potions of invisibility
Miscellaneous
 N - a box of beasts


   Skills:
 * Level 21.1 Fighting
 - Level 2.1 Dodging
 - Level 1.5 Stealth
 - Level 8.1 Spellcasting


You had one spell level left.
You knew the following spells:

 Your Spells              Type           Power      Damage    Failure   Level
a - Shock                 Conj/Air       100%       1d9       1%          1
b - Static Discharge      Conj/Air       54%        3-10/arc  1%          2
c - Swiftness             Air            54%        N/A       1%          3
d - Airstrike             Air            27%        2d(4-20)  2%          4
e - Sandblast             Erth           100%       2d20      1%          1
f - Scorch                Fire           100%       2d10      1%          2
g - Passwall              Tmut/Erth      45%        N/A       1%          2
h - Conjure Flame         Conj/Fire      54%        6-21      1%          3
i - Manifold Assault      Tloc           54%        N/A       8%          5
j - Alistair's Intoxicat  Tmut/Pois      36%        N/A       8%          5
Your spell library was empty.

Dungeon Overview and Level Annotations

Branches:
Dungeon (14/15)            Temple (1/1) D:4            Lair (4/5) D:9
 Shoals (0/4) Lair:3        Snake (0/4) Lair:2        Slime (0/5) Lair:4
    Orc (0/2) D:9          Vaults (0/5) D:14        Ossuary (visited)

Altars:
Ashenzari
Cheibriados
Dithmenos
Elyvilon
Fedhas
Gozag
Hepliaklqana
Makhleb
Nemelex Xobeh
Okawaru
Qazlal
Ru
Trog
Uskayaw
Wu Jian
Xom
Yredelemnul
Zin
The Shining One
Jiyva

Shops:
D:3 !   D:12 **   D:14 *

Annotations:
D:14 1 transporter, Qymaymp's ghost, adept GrEE
Lair:4 exclusion: ice statue, Rupert


Innate Abilities, Weirdness & Mutations

You are immune to sickness and miasma.
You are immune to poison.
Your flesh is very heat resistant. (rF++)
You are vulnerable to cold. (rC-)
You float through the air rather than walking.
You learn spells naturally, not from books.
Your magical power is your life essence.
You have superior vitality. (+4 MHP)


Message History

Flames lash Rupert.
Rupert is almost dead.
Rupert's fire resistance burns away.
Rupert hits you with a +1 great sword of pain!!
* * * LOW HITPOINT WARNING * * *
You feel much better.
Rupert hits you with a +1 great sword of pain!!
You writhe in agony.
Rupert barely misses you.
You are too injured to fight recklessly!
Casting: Scorch (safe; 1% risk of failure)
Confirm with . or Enter, or press ? or * to list all spells.
Aiming: Airstrike (mildly dangerous; 2% risk of failure)
Press: ? - help, Dir - move target, f/p - Rupert
Aim: Rupert, wielding a +1 great sword of pain and wearing a +2 ring mail of cold resistance (almost dead, berserk, more vulnerable to fire, empty space bonus: 7/8)
The air twists around and strikes Rupert.
Rupert is almost dead.
* * * LOW HITPOINT WARNING * * *
Rupert hits you with a +1 great sword of pain!!
* * * LOW HITPOINT WARNING * * *
You writhe in agony.
* * * LOW HITPOINT WARNING * * *
You feel much better.
Rupert is no longer more vulnerable to fire.
Rupert barely misses you.
Rupert hits you with a +1 great sword of pain!
* * * LOW HITPOINT WARNING * * *
You writhe in agony.
* * * LOW HITPOINT WARNING * * *
Okay, then.
Okay, then.
Unknown command.
Press: ? - help, v - describe, . - travel
Here: Rupert, wielding a +1 great sword of pain and wearing a +2 ring mail of cold resistance (almost dead, berserk)
The floor.
Unknown command.
You fade into invisibility!
Rupert barely misses you. Rupert closely misses you.
Rupert hits you with a +1 great sword of pain!!!
You die...

### ##.### ###
#.##.####.####
##............##
#.......@.........
##.....@..........
##................
##.................
#.#................
###...............#
###........:......#
#.#..............
##......P..###..
##............ .#.


You could see Rupert (berserk, unable to see you).

Vanquished Creatures
  A fire dragon (Lair:2)
  A vault guard (D:13)
  An ice dragon (Lair:4)
  6 hydras
  2 two-headed ogres
  A catoblepas (Lair:3)
  5 death yaks
  Nergalle (Lair:1)
  A lindwurm (Lair:4)
  2 wizards
  Pikel (D:6)
  A deep elf pyromancer (D:12)
  2 manticores
  A necromancer (D:14)
  2 cyclopes
  3 black mambas
  A guardian serpent (Lair:2)
  A merfolk siren (Lair:3)
  3 gargoyles
  4 cane toads
  4 unseen horrors
  Maggie (D:8)
  6 komodo dragons
  Psyche (D:8)
  3 merfolk (Lair:3)
  2 polar bears (Lair:4)
  4 trolls
  3 blink frogs (Lair:1)
  2 slime creatures
  5 shadows
  2 wraiths
  5 wyverns
  5 basilisks
  24 yaks
  2 vampire mosquitoes (D:13)
  A steam dragon (D:9)
  A warg (D:9)
  16 humans (D:14)
  3 acid dragons
  11 water moccasins
  6 ice beasts
  A sky beast (D:8)
  2 black bears
  6 orc warriors
  6 wolves
  4 centaurs
  8 bullfrogs
  3 necrophages
  Blork the orc (D:5)
  A gnoll sergeant (D:10)
  2 scorpions
  22 wights
  4 killer bees (D:7)
  3 electric eels
  Crazy Yiuf (D:3)
  2 jellies
  6 orc priests
  4 hounds
  A human zombie (Ossuary)
  Terence (D:3)
  3 iguanas
  9 orc wizards
  2 hound zombies (Ossuary)
  3 mummies (Ossuary)
  Robin (D:3)
  3 gnolls (D:10)
  11 adders
  A shadow imp (D:5)
  A white imp (Lair:4)
  3 adder zombies (Ossuary)
  2 worms
  4 dart slugs
  39 orcs
  5 bats
  8 endoplasms
  3 giant cockroaches
  A gnoll zombie (Ossuary)
  16 goblins
  9 hobgoblins
  6 jackals
  5 quokkas
  12 ball pythons
  2 frilled lizards
  5 goblin zombies (Ossuary)
  2 hobgoblin zombies (Ossuary)
  4 jackal zombies (Ossuary)
  4 kobolds
  A kobold zombie (Ossuary)
  5 orc zombies (Ossuary)
  3 quokka zombies (Ossuary)
  9 rats
  6 rat zombies (Ossuary)
413 creatures vanquished.

Vanquished Creatures (others)
  A bush (Lair:2)
  39 fungi
  47 plants
87 creatures vanquished.

Grand Total: 500 creatures vanquished

Notes
Turn   | Place    | Note
-------+----------+-------------------------------------------
     0 | D:1      | CungeonDrawl the Djinni Air Elementalist began the quest
                  | for the Orb.
     0 | D:1      | CungeonDrawl set off with the following spells memorised:
                  | Shock, Static Discharge, Swiftness, Airstrike.
     0 | D:1      | Reached XP level 1. HP: 15/15 MP: 0/0
     0 | D:1      | Upgraded the game from 0.29.1-4-g47bece8355 to
                  | 0.29.1-12-g30fa7ad0bf
    16 | D:1      | Found a faded altar of an unknown god.
   241 | D:1      | Reached XP level 2. HP: 12/21 MP: 0/0
  1053 | D:1      | Reached XP level 3. HP: 18/25 MP: 0/0
  1053 | D:1      | Learned a level 1 spell: Sandblast
  1867 | D:2      | Found a hide-covered altar of Uskayaw.
  1908 | D:2      | Reached XP level 4. HP: 27/31 MP: 0/0
  2698 | D:3      | Reached XP level 5. HP: 32/35 MP: 0/0
  2698 | D:3      | Learned a level 2 spell: Scorch
  2729 | D:3      | Found Zuiwoew's Distillery.
  3246 | D:3      | Noticed Robin
  3420 | D:3      | Bought a potion of curing for 39 gold pieces
  3420 | D:3      | Bought a potion of heal wounds for 65 gold pieces
  3441 | D:3      | Killed Robin
  3768 | D:3      | Noticed Terence
  3776 | D:3      | Killed Terence
  4040 | D:3      | Identified the +1 hand axe "Ynuakk" {spect, rN++ Int-5
                  | Dex+4}
  4055 | D:3      | Found a runed translucent door.
  4056 | D:3      | Noticed Crazy Yiuf
  4114 | D:3      | Killed Crazy Yiuf
  4115 | D:3      | Reached XP level 6. HP: 30/40 MP: 0/0
  4432 | D:4      | Found a sand-covered staircase.
  4436 | Ossuary  | Entered an ossuary
  4532 | Ossuary  | Reached skill level 5 in Spellcasting
  4830 | Ossuary  | Reached skill level 1 in Fighting
  5126 | Ossuary  | Reached skill level 2 in Fighting
  5870 | D:4      | Reached XP level 7. HP: 48/49 MP: 0/0
  5870 | D:4      | Learned a level 2 spell: Passwall
  5880 | D:4      | Found a staircase to the Ecumenical Temple.
  5889 | Temple   | Entered the Ecumenical Temple
  6154 | D:4      | Found a sacrificial altar of Ru.
  6307 | D:5      | Entered Level 5 of the Dungeon
  6506 | D:5      | Found a stormy altar of Qazlal.
  6510 | D:5      | Noticed a fire elemental
  6510 | D:5      | Noticed a water elemental
  6510 | D:5      | Noticed an air elemental
  6530 | D:5      | Reached XP level 8. HP: 49/55 MP: 0/0
  6670 | D:5      | Found a basalt altar of Yredelemnul.
  6892 | D:5      | Found a white marble altar of Elyvilon.
  7024 | D:5      | Noticed Blork the orc
  7026 | D:5      | Killed Blork the orc
  7768 | D:3      | Bought a potion of haste for 130 gold pieces
  7768 | D:3      | Bought a potion of might for 52 gold pieces
  8346 | D:6      | Reached skill level 3 in Fighting
  8348 | D:6      | Reached skill level 4 in Fighting
  8350 | D:6      | Reached XP level 9. HP: 41/63 MP: 0/0
  8350 | D:6      | Learned a level 3 spell: Conjure Flame
  8524 | D:6      | Noticed Pikel
  8525 | D:6      | Reached skill level 5 in Fighting
  8586 | D:6      | Killed Pikel
  8587 | D:6      | Reached skill level 6 in Fighting
  8759 | D:6      | Reached skill level 7 in Fighting
  9240 | D:6      | Found a hazy altar of Hepliaklqana.
  9393 | D:6      | Found a shadowy altar of Dithmenos.
  9593 | D:6      | Reached skill level 8 in Fighting
  9913 | D:7      | Found a snail-covered altar of Cheibriados.
 10002 | D:7      | Found a hide-covered altar of Uskayaw.
 10009 | D:7      | Reached skill level 9 in Fighting
 10009 | D:7      | Reached XP level 10. HP: 66/78 MP: 0/0
 10722 | D:8      | Reached skill level 10 in Fighting
 10747 | D:8      | Found a transporter.
 10747 | D:8      | Found a transporter.
 10861 | D:8      | Noticed Maggie
 10867 | D:8      | Killed Maggie
 10870 | D:8      | Noticed Psyche
 10877 | D:8      | Killed Psyche
 10878 | D:8      | Reached skill level 11 in Fighting
 12571 | D:9      | Reached skill level 12 in Fighting
 12958 | D:9      | Found a staircase to the Orcish Mines.
 13376 | D:3      | Bought 2 potions of invisibility for 208 gold pieces
 13376 | D:3      | Bought a potion of berserk rage for 65 gold pieces
 13376 | D:3      | Identified a scroll of acquirement
 13705 | D:9      | Reached XP level 11. HP: 82/90 MP: 0/0
 13705 | D:9      | Learned a level 5 spell: Manifold Assault
 14125 | D:9      | Reached skill level 13 in Fighting
 14591 | D:9      | Found a staircase to the Lair.
 14711 | D:9      | Found a blossoming altar of Fedhas.
 15231 | D:10     | Entered Level 10 of the Dungeon
 15235 | D:10     | Found a glowing silver altar of Zin.
 15322 | D:10     | Found a burning altar of Makhleb.
 15330 | D:10     | Became a worshipper of Makhleb the Destroyer
 15480 | D:10     | Found a shimmering altar of Xom.
 15533 | D:10     | Noticed a two-headed ogre
 15543 | D:10     | Killed a two-headed ogre
 15544 | D:10     | Reached skill level 14 in Fighting
 15602 | D:10     | Identified the +0 pair of boots "Baes" {Harm SInv}
 16599 | D:11     | Found a flickering gateway to a bazaar.
 16607 | D:11     | Noticed a manticore
 16618 | Bazaar   | Entered a bazaar
 16639 | Bazaar   | Found Xoso Dig's Antique Weapon Emporium.
 16645 | Bazaar   | Found Vext's Distillery.
 16651 | Bazaar   | Found Zimuleatush's Distillery.
 16658 | Bazaar   | Found Pafoeraxt's Weapon Shop.
 16709 | Bazaar   | Acquired 576 gold pieces
 16721 | Bazaar   | Bought a potion of degeneration for 10 gold pieces
 16721 | Bazaar   | Bought a potion of haste for 100 gold pieces
 16721 | Bazaar   | Bought a potion of attraction for 30 gold pieces
 16721 | Bazaar   | Bought a potion of mutation for 80 gold pieces
 16721 | Bazaar   | Bought a potion of invisibility for 80 gold pieces
 16731 | Bazaar   | Bought a potion of cancellation for 120 gold pieces
 16731 | Bazaar   | Bought a potion of lignification for 45 gold pieces
 16739 | Bazaar   | Bought a potion of ambrosia for 80 gold pieces
 16739 | Bazaar   | Bought a potion of magic for 80 gold pieces
 16778 | D:11     | Killed a manticore
 16942 | D:11     | Reached skill level 15 in Fighting
 17067 | D:11     | Identified the +0 pair of gloves of the Filigreed God
                  | {Int+2}
 17091 | D:11     | Noticed a four-headed hydra
 17118 | D:11     | Killed a four-headed hydra
 17119 | D:11     | Reached XP level 12. HP: 43/103 MP: 0/0
 17560 | D:12     | Found Moisis Zimub's Specific Store.
 17560 | D:12     | Found Kemarih's General Store.
 17607 | D:12     | Noticed a two-headed ogre
 17630 | D:12     | Killed a two-headed ogre
 17811 | D:12     | Reached skill level 16 in Fighting
 18225 | D:12     | Noticed an eight-headed hydra
 18458 | D:12     | Killed an eight-headed hydra
 18720 | D:13     | Reached * piety under Makhleb
 18777 | D:13     | Reached skill level 17 in Fighting
 19050 | D:14     | Found a transporter.
 19052 | D:14     | Noticed Qymaymp's ghost (adept GrEE)
 19056 | D:14     | Noticed a death knight
 19056 | D:14     | Noticed a skeletal warrior
 19085 | D:14     | Noticed a boulder beetle
 19241 | D:14     | Found Reil's Elemental Accessories.
 19394 | D:14     | Reached XP level 13. HP: 74/112 MP: 0/0
 19394 | D:14     | Learned a level 5 spell: Alistair's Intoxication
 19449 | D:14     | Reached skill level 18 in Fighting
 19503 | D:14     | Found a gate to the Vaults.
 19503 | D:14     | Noticed a vault guard
 19503 | D:14     | Noticed a vault guard
 19549 | D:13     | Killed a vault guard
 19716 | Lair:1   | Entered Level 1 of the Lair of Beasts
 19723 | Lair:1   | Noticed a four-headed hydra
 19728 | Lair:1   | Killed a four-headed hydra
 19917 | Lair:1   | Noticed Nergalle
 19922 | Lair:1   | Killed Nergalle
 20214 | Lair:1   | Reached skill level 19 in Fighting
 20238 | Lair:1   | Found a burning altar of Makhleb.
 20240 | Lair:1   | Noticed a five-headed hydra
 20243 | Lair:1   | Killed a five-headed hydra
 20243 | Lair:1   | Reached ** piety under Makhleb
 20653 | Lair:2   | Noticed a six-headed hydra
 20702 | Lair:2   | Killed a six-headed hydra
 21053 | Lair:2   | Found a staircase to the Snake Pit.
 21896 | Lair:1   | Reached skill level 20 in Fighting
 22026 | Lair:2   | Noticed a fire dragon
 22034 | Lair:2   | Killed a fire dragon
 22035 | Lair:2   | Reached XP level 14. HP: 115/125 MP: 0/0
 22595 | Lair:3   | Found a staircase to the Shoals.
 23370 | Lair:4   | Found a viscous altar of Jiyva.
 23370 | Lair:4   | Found a staircase to the Slime Pits.
 23587 | Lair:4   | Noticed Rupert
 23773 | Lair:4   | Reached skill level 21 in Fighting
 23783 | Lair:4   | Reached *** piety under Makhleb
 24164 | Lair:4   | Paralysed by Rupert for 4 turns
 24175 | Lair:4   | HP: 3/128 [Rupert/+1 great sword of pain (4)]
 24180 | Lair:4   | Demolished by Rupert

Illustrated notes

Levels and vault maps discovered:
D:1:      psy_arrival_terrarium, layout_basic,
          hellmonk_ecumenical_altar_pennies_from_heaven, minmay_distorted
D:2:      layout_rooms, basic_altar, chequers_avenue, minmay_shallow_snake_nest
D:3:      layout_loops_ring, serial_shops, shop, dreamdust_princess_bridge,
          uniq_crazy_yiuf_cottage, uniq_robin, uniq_terence
D:4:      layout_basic, hangedman_ru_absence,
          minmay_temple_entry_gardened_gates, enter_ossuary_5, minmay_ruptured
D:5:      layout_cave_pools, nicolae_qazlal_style_of_elements,
          kennysheep_ying_yang, serial_co_window_serial,
          co_window_of_opportunity_a, co_window_corner_a,
          co_window_of_opportunity_a, co_window_paths_a, co_window_paths_a,
          co_window_corner_a, co_window_broadway_b, co_window_broadway_c,
          co_window_paths_c, co_window_cross_2, co_window_of_opportunity_b,
          co_window_corner_cb, glass_columns_a, glass_columns_c,
          glass_columns_b, glass_columns_b, glass_columns_c, uniq_blork_the_orc
D:6:      layout_basic, mainiacjoe_overflow_surrounded_room,
          nzn_hepliaklqana_mist_gate, uniq_pikel
D:7:      layout_cave_pools, cheibriados_altar_1, eat_drink_and_be_merry_uskayaw
D:8:      layout_loops_ring, nicolae_diode_stairs, uniq_psyche, uniq_maggie
D:9:      layout_layer_cave, fiery_altar_vehumet, fedhas_altar_3,
          grunt_lair_entry_orc_guard_hut, david_orc_3
D:10:     layout_long_grid, lemuel_round_altar,
          mainiacjoe_overflow_six_doors_small, nicolae_overflow_squiral,
          minmay_misc_feat_more_columns
D:11:     layout_big_octagon, serial_shops, bzr_entry_gold
D:12:     layout_roguey, nicolae_specific_store
D:13:     layout_cave_pools
D:14:     layout_roguey, grunt_vaults_entry_tiered, serial_bayou_pond_e,
          gammafunk_ghost_mausoleum, minmay_misc_feat_room,
          nicolae_elemental_shop, hellmonk_guarded_unrand_lears
Temple:   nicolae_temple_bog_church
Lair:1:   layout_loops_ring, basic_altar, grunt_megastairs_2, lemuel_fruit_tree,
          serial_bayou_shore_a, uniq_nergalle
Lair:2:   dragon1_lemuel, layout_loops_ring, minmay_snake_entry_spellcaster
Lair:3:   hellmonk_destroyed_diamonds, layout_loops_ring,
          elwin_shoals_entry_stream, kennysheep_catoblepas_arena
Lair:4:   layout_gridlike, slime_entry_1, ice2_lemuel, uniq_rupert

Skill      XL: |  1  2  3  4  5  6  7  8  9 10 11 12 13 14 |
---------------+-------------------------------------------+-----
Spellcasting   | 3 4 5 6 7 8 |  8.1
Fighting       | 2 4 9 12 15 17 20 21 | 21.1
Dodging        | |  2.1
Stealth        | |  1.5

Action                   |  1- 3 |  4- 6 |  7- 9 | 10-12 | 13-15 || total
-------------------------+-------+-------+-------+-------+-------++-------
Melee: Unarmed           |       |       |       |       |     5 ||     5
 Cast: Shock             |    69 |   136 |    32 |    17 |       ||   254
       Static Discharge  |     3 |     3 |     4 |     8 |     7 ||    25
       Sandblast         |       |    32 |    13 |     3 |       ||    48
       Scorch            |       |    32 |    16 |    74 |    49 ||   171
       Airstrike         |       |       |    47 |   212 |   264 ||   523
       Swiftness         |       |       |       |     6 |     5 ||    11
  Use: Scroll            |       |       |     8 |    10 |     6 ||    24
       Potion            |       |       |       |     1 |     6 ||     7
Armor: Robe              |     2 |     3 |     2 |     1 |       ||     8
       Troll leather arm |       |       |       |     6 |    18 ||    24
Dodge: Dodged            |     6 |    16 |     9 |    35 |    54 ||   120
